 Dungeon Crawl Stone Soup version 0.18-a0-1160-geb89fc2 (webtiles) character file.

528 st0uf the Changer (level 7, 0/57 HPs)
             Began as a Green Draconian Transmuter on Jan 24, 2016.
             Was a Believer of Cheibriados.
             Slain by a gnoll (7 damage)
             ... on level 3 of the Dungeon.
             The game lasted 00:17:13 (4425 turns).

st0uf the Changer (Green Draconian Transmuter)      Turns: 4425, Time: 00:17:14

Health: 0/57       AC:  2    Str: 16    XL:     7   Next: 3%
Magic:  7/10       EV: 23    Int: 18    God:    Cheibriados [**....]
Gold:   115        SH:  0    Dex: 22    Spells: 3 memorised, 4 levels left

rFire  . . .     SeeInvis .       - Unarmed
rCold  + . .     Gourm    .     (armour unavailable)
rNeg   . . .     Faith    .     (shield currently unavailable)
rPois  x         Spirit   .     (helmet currently unavailable)
rElec  .         Dismiss  .     (cloak currently unavailable)
rCorr  .         Reflect  .     (gloves currently unavailable)
SustAt .         Harm     .     (boots currently unavailable)
MR     .....                    (no amulet)
Stlth  ++........               (no ring)
                                r - ring of protection from cold

@: spider-form, very slow, not resistant to hostile enchantments, unstealthy
A: (breathe noxious fumes), unfitting armour, (poison resistance),
(cold-blooded), AC +6
a: End Transformation, Bend Time, Renounce Religion


You were on level 3 of the Dungeon.
You worshipped Cheibriados.
Cheibriados was pleased with you.
You were not hungry.
You were a venomous arachnid creature.
You visited 1 branch of the dungeon, and saw 3 of its levels.

You collected 115 gold pieces.

Inventory:

Missiles
 a - 12 arrows
 e - 27 poisoned needles
 k - 2 throwing nets (quivered)
Jewellery
 r - a ring of protection from cold (left front leg)
Scrolls
 g - 2 scrolls of random uselessness {unknown}
 h - 2 scrolls of identify {unknown}
 j - 3 scrolls of teleportation {unknown}
 l - a scroll of remove curse {unknown}
 p - a scroll of immolation {unknown}
 t - a scroll of fog {unknown}
Potions
 f - a potion of flight {unknown}
 i - a potion of brilliance {unknown}
 m - a potion of mutation {unknown}
 o - a potion of heal wounds {unknown}
 s - a potion of poison {unknown}
 u - a potion of might {unknown}
 w - 2 potions of berserk rage {unknown}
Books
 b - a book of Changes

   Spells                             Type                      Level
   a - Beastly Appendage              Transmutation                1
   b - Sticks to Snakes               Transmutation                2
   c - Spider Form                    Transmutation/Poison         3
   d - Ice Form                       Ice/Transmutation            4
   e - Blade Hands                    Transmutation                5
Comestibles
 c - 2 bread rations
 d - 2 fruits
 n - a meat ration
 q - a beef jerky
 v - 6 chunks of flesh


   Skills:
 + Level 3.0 Fighting
 + Level 4.0 Dodging
 + Level 4.1 Unarmed Combat
 - Level 2.0 Spellcasting
 * Level 5.0 Transmutations
 + Level 1.2 Poison Magic


You had 4 spell levels left.
You knew the following spells:

 Your Spells              Type           Power        Failure   Level  Hunger
a - Beastly Appendage     Trmt           ###...       8%          1    #......
b - Sticks to Snakes      Trmt           ###.....     12%         2    ###....
c - Spider Form           Trmt/Pois      ##........   36%         3    ###....


Dungeon Overview and Level Annotations

Branches:
Dungeon (3/15)

Altars:
Cheibriados
Elyvilon
Fedhas
Makhleb
Okawaru
Trog
Yredelemnul


Innate Abilities, Weirdness & Mutations

((You can breathe blasts of noxious fumes.))
((Your lurid green scales are hard (AC +6).))
Your body does not fit into most forms of armour.
((Your system is resistant to poisons.))
((You are cold-blooded and may be slowed by cold attacks.))


Message History

The gnoll throws a stone.
The stone closely misses you.
You hit the gnoll.
You kill the gnoll!
Cheibriados appreciates the change of pace.
You have reached level 7!
Your scales start taking on a lurid green colour.
You feel resistant to poisons.
The gnoll throws a stone.
The stone closely misses you.
The gnoll throws a stone.
The stone completely misses you.
The gnoll throws a stone.
The stone closely misses you.
You bite the gnoll!
You kill the gnoll!
Cheibriados appreciates the change of pace.
Your Transmutations skill increases to level 5!
The gnoll throws a stone.
The stone completely misses you. The gnoll closely misses you.
The gnoll hits you with a spear.
* * * LOW HITPOINT WARNING * * *
The gnoll hits you!
You die...

# # ## g # ..#'#
######################### ....
#.#.........#8..8#......# ...#
#.#.........'....'..8#..##''##.#
#.'.........'....').8#....g....#
#.#...).....#..gg#..)gg........#
####''#######..(s#########''##.#
.......#....#....# g.#
.......#.##.#....# ...
#...........#)...# #'#
#############')''########## g
#..........................
#≈≈≈≈≈≈≈≈≈≈≈≈...g≈≈≈≈≈≈≈≈≈≈
≈≈≈≈≈≈≈≈≈≈≈≈≈..h.≈≈≈≈≈≈≈≈≈≈
≈≈≈≈≈≈≈≈≈≈≈≈≈....≈≈≈≈≈≈≈≈≈≈


You could see 3 gnolls and a jackal (wandering).

Vanquished Creatures
  A gnoll sergeant (D:3)
  An orc priest (D:3)
  A hound (D:3)
  A gnoll shaman (D:3)
  26 gnolls
  4 adders
  2 worms
  2 giant geckos (D:2)
  2 orcs (D:3)
  5 giant cockroaches
  4 goblins
  9 hobgoblins
  9 jackals
  A ball python (D:2)
  6 bats
  A giant gecko skeleton (D:3)
  7 giant newts
  8 kobolds
  8 rats
98 creatures vanquished.

Notes
Turn   | Place    | Note
--------------------------------------------------------------
     0 | D:1      | st0uf the Draconian Transmuter began the quest for the Orb.
     0 | D:1      | Reached XP level 1. HP: 16/16 MP: 3/3
   319 | D:1      | Reached XP level 2. HP: 17/23 MP: 5/5
  1013 | D:2      | Reached XP level 3. HP: 12/28 MP: 4/6
  1657 | D:2      | Learned a level 2 spell: Sticks to Snakes
  1661 | D:2      | Learned a level 3 spell: Spider Form
  1705 | D:2      | Reached XP level 4. HP: 35/35 MP: 4/7
  1998 | D:2      | Found a bloodstained altar of Trog.
  2684 | D:3      | Found a snail-covered altar of Cheibriados.
  2707 | D:3      | Became a worshipper of Cheibriados the Contemplative
  2821 | D:3      | Found a white marble altar of Elyvilon.
  2872 | D:3      | Found a basalt altar of Yredelemnul.
  2941 | D:3      | Found a blossoming altar of Fedhas.
  2976 | D:3      | Reached XP level 5. HP: 27/41 MP: 6/8
  3100 | D:3      | Found an iron altar of Okawaru.
  3193 | D:3      | Reached skill level 4 in Transmutations
  3196 | D:3      | HP: 2/42 [gnoll/spear (8)]
  3497 | D:3      | Reached * piety under Cheibriados
  3632 | D:3      | Reached XP level 6. HP: 15/50 MP: 6/9
  4185 | D:3      | Found a burning altar of Makhleb.
  4417 | D:3      | Reached ** piety under Cheibriados
  4417 | D:3      | Reached skill level 1 in Poison Magic
  4422 | D:3      | Reached XP level 7. HP: 11/57 MP: 6/10
  4422 | D:3      | Your scales start taking on a lurid green colour.
  4422 | D:3      | Gained mutation: Your system is resistant to poisons. [Green Draconian growth]
  4424 | D:3      | Reached skill level 5 in Transmutations
  4425 | D:3      | Slain by a gnoll

Vault maps used:
D:1:      lemuel_arrival_lava_pool, serial_park_tiny_1
D:2:      bloody_trog, kennysheep_cross_bottleneck
D:3:      lemuel_castle_with_subvaults, kennysheep_ying_yang,
          makhleb_blood_cavern_becter, fedhas_altar_3, marbit_many_paths,
          cheibriados_altar_1, minmay_fountain_box

Action                   |  1- 3 |  4- 6 |  7- 9 || total
-------------------------+-------+-------+-------++-------
Melee: Unarmed           |   140 |   223 |     1 ||   364
 Cast: Beastly Appendage |    20 |    17 |       ||    37
       Spider Form       |     1 |    18 |       ||    19
  Use: Potion            |     1 |       |       ||     1
 Stab: Sleeping          |     1 |     2 |       ||     3
  Eat: Chunk             |     3 |    10 |       ||    13
